 Dungeon Crawl Stone Soup version 0.19-a0-1886-gd64a0f0 (webtiles) character file.

15052 Charmandara the Destroyer (level 12, -3/81 HPs)
             Began as a Human Fire Elementalist on Oct 16, 2016.
             Was a Believer of Ru.
             Killed from afar by a rime drake (22 damage)
             ... with a flash freeze
             ... on level 1 of the Lair of Beasts.
             The game lasted 01:01:03 (14845 turns).

Charmandara the Destroyer (HuFE)                   Turns: 14845, Time: 01:01:03

Health: -3/81      AC:  9    Str: 10    XL:     12   Next: 52%
Magic:  1/24       EV: 16    Int: 20    God:    Ru [**....]
Gold:   695        SH:  2    Dex: 13    Spells: 8 memorised, 5 levels left

rFire  + + .     SeeInvis .     a - +3 hand axe (venom)
rCold  . . .     Gourm    .     I - +1 robe of Gakhlan {rF+ rC+ rCorr}
rNeg   . . .     Faith    .     (no shield)
rPois  .         Spirit   .     q - +1 helmet
rElec  .         Dismiss  .     J - +1 cloak
rCorr  +         Reflect  +     e - +0 pair of gloves
MR     .....     Harm     .     w - +0 pair of boots
Stlth  ++........               r - +2 amulet of reflection
                                C - ring of fire {rF+, rC-}
                                p - ring of wizardry {Wiz+, !d}

@: lethally poisoned (-3 -> -3), about to teleport
A: hooves 1, frail 1, unskilled 1
a: Renounce Religion


You were on level 1 of the Lair of Beasts.
You worshipped Ru.
Ru was pleased with you.
You were not hungry.

You visited 3 branches of the dungeon, and saw 12 of its levels.
You also visited: Bailey.

You collected 695 gold pieces.

Inventory:

Hand Weapons
 a - a +3 hand axe of venom (weapon)
   (You found it on level 3 of the Dungeon)
 n - a +1 falchion of electrocution
   (You found it on level 9 of the Dungeon)
 L - a +0 broad axe
   (You took it off an orc warrior on level 8 of the Dungeon)
 M - a +2 quarterstaff of protection
   (You found it on level 10 of the Dungeon)
Missiles
 g - 113 arrows
 i - 34 poisoned needles
 k - 343 stones (quivered)
 l - 42 sling bullets
 s - a throwing net {=f, !d}
 t - 16 tomahawks
 B - 39 bolts
 F - 44 tomahawks of returning
 S - 8 javelins
Armour
 e - a +0 pair of gloves (worn)
   (You found it on level 1 of the Dungeon)
 j - the +2 robe of Wonder {rC+ rN++}
   (You found it on level 1 of the Lair of Beasts)

   It protects you from cold.
   It greatly protects you from negative energy.
 q - a +1 helmet (worn)
   (You took it off Robin on level 4 of the Dungeon)
 w - a +0 pair of boots (worn)
   (You found it on level 9 of the Dungeon)
 I - the +1 robe of Gakhlan (worn) {rF+ rC+ rCorr}
   (You found it on level 9 of the Dungeon)

   It protects you from fire.
   It protects you from cold.
   It protects you from acid and corrosion.
 J - a +1 cloak (worn)
   (You took it off Crazy Yiuf on level 7 of the Dungeon)
Jewellery
 p - a ring of wizardry (left hand) {Wiz+, !d}
   (You found it on level 4 of the Dungeon)
 r - a +2 amulet of reflection (around neck)
   (You found it on level 4 of the Dungeon)
 C - a ring of fire (right hand) {rF+, rC-}
   (You found it on level 6 of the Dungeon)
 D - a +5 ring of protection
   (You found it on level 7 of the Dungeon)
 N - an uncursed ring of flight {+Fly, !d}
   (You found it in a bailey)
 O - an uncursed ring of stealth {Stlth+}
   (You took it off a hobgoblin in a bailey)
Wands
 b - a wand of disintegration (0/24)
   (You found it on level 10 of the Dungeon)
 m - a wand of slowing (0/48)
   (You found it on level 4 of the Dungeon)
 H - a wand of polymorph (12/24)
   (You found it on level 9 of the Dungeon)
 K - a wand of disintegration (0/24)
   (You found it on level 10 of the Dungeon)
 R - a wand of teleportation (9/9)
   (You found it in a bailey)
 Y - a wand of teleportation (3/9)
   (You found it on level 1 of the Lair of Beasts)
 Z - a wand of acid (0/15)
   (You found it on level 1 of the Lair of Beasts)
Scrolls
 h - 5 scrolls of remove curse
 z - a scroll of enchant armour
 V - 2 scrolls of magic mapping {!r}
Potions
 f - 2 potions of mutation {!q}
Books
 o - a book of Geomancy
   (You found it on level 7 of the Dungeon)
 u - a book of Cantrips
   (You found it on level 5 of the Dungeon)
 y - a book of Flames
 E - a book of Callings
   (You found it on level 7 of the Dungeon)
 U - a book of Clouds
   (You found it on level 10 of the Dungeon)
Miscellaneous
 Q - a phial of floods (inert)
   (You found it in a bailey)
Comestibles
 c - 10 royal jellies
 d - 9 fruits
 x - a chunk of flesh {@w0}
 A - 9 bread rations {@e1}


   Skills:
 + Level 7.4 Fighting
 + Level 8.0 Dodging
 - Level 2.4 Stealth
 - Level 8.0 Spellcasting
 - Level 8.1 Conjurations
 - Level 8.1 Fire Magic
 - Level 3.0 Earth Magic


You had 5 spell levels left.
You knew the following spells:

 Your Spells              Type           Power        Failure   Level  Hunger
a - Flame Tongue          Conj/Fire      #####        1%          1    None
b - Inner Flame           Hex/Fire       #####...     2%          3    None
c - Conjure Flame         Conj/Fire      ######..     1%          3    None
e - Stone Arrow           Conj/Erth      ####..       1%          3    None
f - Fireball              Conj/Fire      ######....   4%          5    #####..
g - Apportation           Tloc           #.........   4%          1    None
s - Sticky Flame          Conj/Fire      ######..     1%          4    ###....
x - Throw Flame           Conj/Fire      ######       1%          2    None


Dungeon Overview and Level Annotations

Branches:
Dungeon (10/15)            Temple (1/1) D:5            Lair (1/6) D:10
    Orc: D:9-12

Altars:
Ashenzari
Cheibriados
Dithmenos
Elyvilon
Fedhas
Gozag
Hepliaklqana
Kikubaaqudgha
Makhleb
Nemelex Xobeh
Okawaru
Qazlal
Ru
Sif Muna
Trog
Uskayaw
Vehumet
Xom
Yredelemnul
Zin
The Shining One

Shops:
D:5 !

Annotations:
D:2 Sigmund
D:9 4 runed doors


Innate Abilities, Weirdness & Mutations

You are frail. (-10% HP)
You are somewhat unskilled. (-1 Apt)
You have large cloven feet.


Message History

You feel sick.
The spiny frog burns!
You kill the spiny frog!
Your Dodging skill increases to level 8!
You take 2 damage, and have 32/81 hp.
You now have 6/24 mp.
You start resting.
You feel sick. x3
A rime drake comes into view.
You take 2 damage, and have 30/81 hp.
You feel sick.
You see here a blink frog corpse.
You take 1 damage, and have 29/81 hp.
You butcher the blink frog corpse.
You feel sick.
x - a chunk of flesh {@w0} You feel sick.
You take 2 damage, and have 27/81 hp.
You feel sick.
You see here a spiny frog corpse.
You take 1 damage, and have 27/81 hp.
A blink frog comes into view.
You feel sick.
You take 1 damage, and have 26/81 hp.
You feel sick.
The rime drake hisses angrily.
A blink frog comes into view.
You feel a surge of power!
The fire roars!
The blink frog croaks. x2
You now have 6/24 mp.
Okay, then.
Okay, then.
Okay, then.
Saving game... please wait.
Welcome back, Charmandara the Human Fire Elementalist.
Ru says: Sacrifice that you might gain great power!
Unknown command.
Unknown command.
Unknown command.
Unknown command.
Okay, then.
Aim: a blink frog You feel a surge of power!
The flame tongue hits the blink frog.
The blink frog begins to attack, but is stunned by your will!
You now have 5/24 mp.
Aim: a blink frog
Okay, then.
Put on which piece of jewellery? (? for menu, Esc to quit)
Okay, then.
Okay, then.
Aim: a blink frog You feel a surge of power!
The fireball explodes!
The fireball engulfs the blink frog.
The fireball engulfs the rime drake.
You feel sick.
The blink frog blinks!
Unknown command.
You take 1 damage, and have 25/81 hp.
You now have 0/24 mp.
Unknown command.
Aim: a rime drake (heavily wounded, chance to defeat MR: 65%)
The rime drake struggles to resist.
Evoking this partially-identified wand wasted a few charges.
The blink frog blinks!
That item cannot be evoked!
Unknown command.
You feel sick.
You take 1 damage, and have 25/81 hp.
Aim: a blink frog (heavily wounded, chance to defeat MR: 48%)
The blink frog resists with some effort.
Evoking this partially-identified wand wasted a few charges.
Unknown command.
Aim: a rime drake (heavily wounded, chance to defeat MR: 65%) Nothing appears to happen.
You redirect the rime drake's attack!
Unknown command.
Okay, then.
Okay, then.
Okay, then.
Aim: a blink frog (heavily wounded)
You feel a surge of power!
The flame tongue hits the blink frog.
You hear an angry hiss.
You now have 0/24 mp.
You feel sick.
The blink frog blinks!
The rime drake breathes ice at you. The flash freeze hits you!
* * * LOW HITPOINT WARNING * * *
You are encased in ice.
You take 5 damage, and have 20/81 hp.
As you read the scroll of teleportation, it crumbles to dust.
You feel strangely unstable.
Unknown command.
Okay, then.
Aim the phial where?
Aim: a rime drake (translocational energy, heavily wounded, catching its breath)
The great wave of water hits the rime drake.
The rime drake is knocked back by the great wave of water.
The wave splashes down.
The water rises up and takes form.
The blink frog closely misses your water elemental.
Unknown command.
Unknown command.
The ice encasing you melts away.
You feel sick. Something hits your water elemental!
Something hits your water elemental. The rime drake breathes ice at you.
The flash freeze hits you!
You die...

####
#........#..+.........P# #
#........####.........##
##+####### #.........#
#..### #######..##
###.##.## #...#
###.#.....# ###+###
##P#.#.#.#.# ###k≈≈...
#..'.#...#.#######.§E≈≈...
...#.†#P.#.#..†.@..#
..##.......'.#..####
..##.#####.######
.###.......# ## ####.####
#


You could see a rime drake and a friendly water elemental.

Vanquished Creatures
  A hydra (Lair:1)
  The ghost of Hiru the Destroyer, a journeyman TeAE of Okawaru (Lair:1)
  The ghost of fernweh the Slinger, a novice HaHu (D:4)
  An ugly thing (D:10)
  Psyche (D:9)
  5 spiny frogs (Lair:1)
  A komodo dragon (Lair:1)
  A rime drake (Lair:1)
  Prince Ribbit (D:6)
  A hornet (D:8)
  A queen bee (Lair:1)
  A blink frog (Lair:1)
  2 hippogriffs (D:10)
  A wyvern (D:8)
  4 hogs (D:7)
  A human (D:7)
  7 yaks
  A hungry ghost (D:7)
  Menkaure (D:4)
  5 soldier ants (D:8)
  3 water moccasins
  8 orc warriors
  3 sky beasts
  A black bear (D:6)
  An ice beast (D:10)
  A phantom (D:6)
  A necrophage (D:10)
  6 wolves (Lair:1)
  3 ogres
  A centaur (D:7)
  A crocodile (D:10)
  5 bullfrogs
  2 gnoll sergeants
  A wyvern zombie (D:6)
  2 scorpions
  A wyvern skeleton (D:6)
  32 killer bees
  3 wights (D:8)
  8 howler monkeys
  5 crimson imps
  A bullfrog zombie (D:7)
  A jelly (D:5)
  2 quasits
  2 centaur zombies (D:10)
  5 hounds
  Crazy Yiuf (D:7)
  9 orc wizards
  5 iguanas
  24 worker ants
  2 hound skeletons
  Robin (D:4)
  8 gnolls
  10 adders
  5 river rats (D:10)
  An ooze (D:6)
  An adder zombie (D:6)
  4 adder skeletons
  A worm (D:4)
  2 dart slugs
  7 leopard geckos
  37 orcs
  13 bats
  7 giant cockroaches
  12 goblins
  16 hobgoblins
  10 jackals
  23 kobolds
  2 quokkas (D:4)
  4 ball pythons
  A ball python zombie (D:5)
  5 frilled lizards
  13 rats
  2 fungi
363 creatures vanquished.

Vanquished Creatures (others)
  A worker ant (D:8)
  3 orcs (D:6)
  9 fungi
13 creatures vanquished.

Grand Total: 376 creatures vanquished

Notes
Turn   | Place    | Note
-------+----------+-------------------------------------------
     0 | D:1      | Charmandara the Human Fire Elementalist began the quest for the Orb.
     0 | D:1      | Reached XP level 1. HP: 13/13 MP: 3/3
   207 | D:1      | Reached XP level 2. HP: 19/19 MP: 0/5
   264 | D:1      | Learned a level 2 spell: Throw Flame
   559 | D:1      | Reached XP level 3. HP: 24/24 MP: 4/6
   564 | D:1      | Learned a level 3 spell: Conjure Flame
   917 | D:2      | Noticed Sigmund
   938 | D:3      | HP: 6/24 [giant cockroach (2)]
   978 | D:3      | HP: 6/24 [kobold/short sword (1)]
  1278 | D:3      | Found a stormy altar of Qazlal.
  1337 | D:3      | Found a shadowy altar of Dithmenos.
  1391 | D:3      | Reached XP level 4. HP: 30/30 MP: 4/8
  1440 | D:3      | Found a bloodstained altar of Trog.
  1479 | D:3      | Reached skill level 2 in Conjurations
  1505 | D:3      | Found a sacrificial altar of Ru.
  1511 | D:3      | Reached skill level 3 in Spellcasting
  1519 | D:3      | Became a worshipper of Ru the Awakened
  1652 | D:3      | Reached XP level 5. HP: 35/35 MP: 7/9
  2114 | D:3      | Learned a level 3 spell: Inner Flame
  2231 | D:3      | Reached skill level 3 in Conjurations
  2231 | D:3      | Reached skill level 4 in Fire Magic
  2423 | D:4      | Noticed Menkaure
  2428 | D:4      | Killed Menkaure
  2428 | D:4      | Reached skill level 4 in Conjurations
  2428 | D:4      | Reached XP level 6. HP: 41/41 MP: 5/11
  2434 | D:4      | Noticed Robin
  2438 | D:4      | Noticed fernweh's ghost (novice HaHu)
  2818 | D:3      | Reached XP level 7. HP: 33/46 MP: 12/12
  2968 | D:3      | Learned a level 4 spell: Sticky Flame
  3014 | D:4      | Killed Robin
  3575 | D:4      | Killed fernweh's ghost
  3575 | D:4      | Reached skill level 4 in Spellcasting
  3575 | D:4      | Reached skill level 5 in Conjurations
  3575 | D:4      | Reached skill level 5 in Fire Magic
  3575 | D:4      | Reached XP level 8. HP: 30/52 MP: 7/15
  3800 | D:4      | Gained mutation: You are somewhat unskilled. (-1 Apt) [Ru sacrifice]
  3800 | D:4      | Reduced skill Dodging to level 1
  3800 | D:4      | Reduced skill Stealth to level 1
  3800 | D:4      | Reduced skill Conjurations to level 4
  3800 | D:4      | Reduced skill Fire Magic to level 4
  3800 | D:4      | Reached * piety under Ru
  3841 | D:4      | Reached skill level 5 in Fire Magic
  3929 | D:4      | Found a hazy altar of Hepliaklqana.
  3982 | D:4      | Reached skill level 5 in Conjurations
  4398 | D:5      | Entered Level 5 of the Dungeon
  4673 | D:5      | Found a staircase to the Ecumenical Temple.
  4684 | Temple   | Entered the Ecumenical Temple
  5028 | D:5      | Found Qopou's Distillery.
  5239 | D:5      | Reached skill level 5 in Spellcasting
  5323 | D:5      | Learned a level 1 spell: Apportation
  5353 | D:6      | Reached skill level 6 in Fire Magic
  5353 | D:6      | Reached XP level 9. HP: 57/57 MP: 10/16
  5477 | D:6      | Noticed Prince Ribbit
  5491 | D:6      | Killed Prince Ribbit
  5491 | D:6      | Reached skill level 2 in Stealth
  5491 | D:6      | Reached skill level 6 in Conjurations
  5973 | D:6      | Learned a level 5 spell: Fireball
  6457 | D:6      | Found a burning altar of Makhleb.
  6692 | D:6      | Got a scorched mace
  6803 | D:6      | Identified the cursed +0 mace of Royalism {drain, rC+ MR+} (You found it on level 6 of the Dungeon)
  7107 | D:7      | Reached skill level 6 in Spellcasting
  7269 | D:7      | Reached skill level 7 in Conjurations
  7269 | D:7      | Reached skill level 7 in Fire Magic
  7393 | D:7      | Found a sparkling altar of Nemelex Xobeh.
  7399 | D:7      | Learned a level 1 spell: Sandblast
  7411 | D:7      | Found an opulent altar of Gozag.
  7524 | D:7      | Reached XP level 10. HP: 63/63 MP: 15/19
  7792 | D:7      | Found a runed door.
  8203 | D:7      | Noticed Crazy Yiuf
  8208 | D:7      | Killed Crazy Yiuf
  8318 | D:8      | Found a blossoming altar of Fedhas.
  8363 | D:8      | Reached skill level 8 in Fire Magic
  8460 | D:8      | Reached skill level 8 in Conjurations
  8464 | D:8      | Reached skill level 7 in Spellcasting
  8609 | D:8      | Reached skill level 2 in Dodging
  8647 | D:8      | Reached skill level 1 in Fighting
  8808 | D:8      | Gained mutation: You are frail. (-10% HP) [Ru sacrifice]
  8808 | D:8      | Reached ** piety under Ru
  8837 | D:8      | Found a glowing golden altar of the Shining One.
  9394 | D:8      | Reached skill level 3 in Dodging
  9542 | D:8      | Reached skill level 2 in Fighting
  9542 | D:8      | Reached XP level 11. HP: 43/64 MP: 16/22
  9777 | D:8      | HP: 16/64 [wyvern (15)]
  9817 | D:8      | Reached skill level 8 in Spellcasting
 10114 | D:9      | Got a wizard robe
 10125 | D:9      | Identified the +1 robe of Gakhlan {rF+ rC+ rCorr} (You found it on level 9 of the Dungeon)
 10197 | D:9      | Found a flagged portal.
 10198 | D:9      | Found a huge runed gate.
 10207 | D:9      | Found a huge runed gate.
 10208 | D:9      | Found a huge runed gate.
 10209 | D:9      | Found a huge runed gate.
 10220 | Bailey   | Entered a bailey
 10228 | Bailey   | Learned a level 3 spell: Stone Arrow
 10502 | Bailey   | Reached skill level 1 in Earth Magic
 10978 | D:9      | Noticed Psyche
 10989 | D:9      | Killed Psyche
 10989 | D:9      | Reached skill level 3 in Fighting
 10989 | D:9      | Reached skill level 4 in Dodging
 10989 | D:9      | Reached skill level 2 in Earth Magic
 11046 | D:9      | Found a glowing silver altar of Zin.
 11271 | D:10     | Entered Level 10 of the Dungeon
 11323 | D:10     | Reached skill level 3 in Earth Magic
 11918 | D:10     | Gained mutation: You have large cloven feet. [potion of beneficial mutation]
 11984 | D:10     | Reached skill level 4 in Fighting
 12304 | D:10     | Reached skill level 5 in Dodging
 12419 | D:10     | Noticed a white ugly thing
 12423 | D:10     | Killed a white ugly thing
 12711 | D:10     | Noticed a hill giant
 12711 | D:10     | Found a staircase to the Lair.
 12716 | Lair:1   | Entered Level 1 of the Lair of Beasts
 12895 | Lair:1   | Reached skill level 5 in Fighting
 13129 | Lair:1   | Reached skill level 6 in Dodging
 13306 | Lair:1   | Reached XP level 12. HP: 28/77 MP: 6/24
 13313 | Lair:1   | HP: 14/78 [wolf (6)]
 13651 | Lair:1   | Noticed a five-headed hydra
 13661 | Lair:1   | Killed a seven-headed hydra
 13661 | Lair:1   | Reached skill level 6 in Fighting
 13999 | Lair:1   | Reached skill level 7 in Dodging
 14435 | Lair:1   | Noticed Hiru's ghost (journeyman TeAE)
 14458 | Lair:1   | Killed Hiru's ghost
 14458 | Lair:1   | Reached skill level 7 in Fighting
 14704 | Lair:1   | Got a twisted robe
 14766 | Lair:1   | Identified the +2 robe of Wonder {rC+ rN++} (You found it on level 1 of the Lair of Beasts)
 14821 | Lair:1   | Reached skill level 8 in Dodging
 14842 | Lair:1   | HP: 20/81 [rime drake/flash freeze (5)]
 14845 | Lair:1   | Killed from afar by a rime drake

Vault maps used:
D:1:      dpeg_arrival_orchard, hangedman_decor_points
D:2:      uniq_sigmund
D:3:      grunt_qazlal_sundering, nicolae_dithmenos_through_a_glass_darkly,
          nicolae_ru_great_annihilating_truth, bloody_trog
D:4:      lemuel_round_altar, lightli_minifort, uniq_menkaure, uniq_robin
D:5:      minmay_opposing_rooms, first_bread, serial_shops, nicolae_shop_stone
D:6:      kennysheep_spiral_hall, makhleb_heckhound_becter, lemuel_flame_loot_1,
          uniq_prince_ribbit1
D:7:      lemuel_doored_altar, basic_altar, grunt_livestock,
          uniq_crazy_yiuf_cottage
D:8:      fedhas_altar_2, lemuel_coloured_pillars_altar, minmay_another_anthill
D:9:      lemuel_bear_cage, nicolae_overflow_crystal_walls, enter_bailey_2,
          uniq_psyche
D:10:     grunt_lair_entry_orc_guard_hut
Temple:   minmay_temple_bridge_abc
Bailey:   bailey_axe_4, bailey

Skill      XL: |  1  2  3  4  5  6  7  8  9 10 11 12 |
---------------+-------------------------------------+-----
Conjurations   | 2 4 5 5 7 8 |  8.1
Spellcasting   | 3 4 5 6 7 8 |  8.0
Fire Magic     | 4 5 6 7 8 |  8.1
Dodging        | 1 3 6 8 |  8.0
Stealth        | 1 2 |  2.4
Fighting       | 2 5 7 |  7.4
Earth Magic    | 3 |  3.0

Action                   |  1- 3 |  4- 6 |  7- 9 | 10-12 || total
-------------------------+-------+-------+-------+-------++-------
Melee: Dagger            |    19 |       |       |       ||    19
       Hand axe          |       |    58 |   166 |   266 ||   490
 Cast: Flame Tongue      |    61 |    25 |    71 |   156 ||   313
       Throw Flame       |       |     2 |    17 |    36 ||    55
       Conjure Flame     |       |       |    11 |    22 ||    33
       Sticky Flame      |       |       |    10 |    58 ||    68
       Inner Flame       |       |       |     2 |    18 ||    20
       Fireball          |       |       |     3 |    18 ||    21
       Stone Arrow       |       |       |       |     5 ||     5
Invok: Sacrifice Skill   |       |       |     1 |       ||     1
       Sacrifice Health  |       |       |       |     1 ||     1
       Reject Sacrifices |       |       |       |     1 ||     1
 Abil: Evoke Flight      |       |       |       |     4 ||     4
Evoke: Wand              |       |     3 |     4 |    20 ||    27
       Phial of floods   |       |       |       |     1 ||     1
  Use: Scroll            |     3 |     2 |     8 |     8 ||    21
       Potion            |       |       |       |     8 ||     8
 Stab: Sleeping          |       |       |     1 |     3 ||     4
       Invisible         |       |       |       |     1 ||     1
  Eat: Chunk             |     2 |     3 |    16 |    19 ||    40
       Bread ration      |       |     1 |       |       ||     1
       Beef jerky        |       |       |       |     3 ||     3
       Pizza             |       |       |       |     7 ||     7
       Meat ration       |       |       |       |     1 ||     1
Armor: Robe              |    19 |    20 |    42 |   105 ||   186
Dodge: Dodged            |    41 |    70 |   116 |   336 ||   563
Block: Other             |       |       |     7 |    30 ||    37
       Reflection        |       |       |       |     2 ||     2

Vault maps used:
D:1:      dpeg_arrival_orchard, hangedman_decor_points
D:2:      uniq_sigmund
D:3:      grunt_qazlal_sundering, nicolae_dithmenos_through_a_glass_darkly,
          nicolae_ru_great_annihilating_truth, bloody_trog
D:4:      lemuel_round_altar, lightli_minifort, uniq_menkaure, uniq_robin
D:5:      minmay_opposing_rooms, first_bread, serial_shops, nicolae_shop_stone
D:6:      kennysheep_spiral_hall, makhleb_heckhound_becter, lemuel_flame_loot_1,
          uniq_prince_ribbit1
D:7:      lemuel_doored_altar, basic_altar, grunt_livestock,
          uniq_crazy_yiuf_cottage
D:8:      fedhas_altar_2, lemuel_coloured_pillars_altar, minmay_another_anthill
D:9:      lemuel_bear_cage, nicolae_overflow_crystal_walls, enter_bailey_2,
          uniq_psyche
D:10:     grunt_lair_entry_orc_guard_hut
Temple:   minmay_temple_bridge_abc
Bailey:   bailey_axe_4, bailey

Table legend:
 A = Turns spent in this place as a percentage of turns spent in the entire game.
 B = Non-inter-level travel turns spent in this place as a percentage of non-inter-level travel turns spent in the entire game.
 C = Inter-level travel turns spent in this place as a percentage of turns spent in this place.
 D = Turns resting spent in this place as a percentage of non-inter-level travel turns spent in this place.
 E = Turns spent auto-exploring this place as a percentage of non-inter-level travel turns spent in this place.
 F = Non-inter-level travel turns spent in this place divided by the number of levels of this place that you've seen.
                   A       B       C       D       E      F
               +-------+-------+-------+-------+-------+----------------------
         Total | 100.0 | 100.0 |   0.4 |   5.2 |   7.2 | 334.7
       Dungeon |  80.4 |  80.4 |   0.4 |   4.5 |   7.6 | 349.7
        Temple |   0.2 |   0.2 |  20.0 |   0.0 |  75.0 |   8.0
          Lair |  12.6 |  12.7 |   0.0 |   8.3 |   4.2 | 551.0
        Bailey |   6.8 |   6.8 |   0.0 |   7.5 |   6.4 | 295.0
               +-------+-------+-------+-------+-------+----------------------

Table legend:
 A = Kills in this place as a percentage of kills in entire the game.
 B = Kills by you in this place as a percentage of kills by you in the entire game.
 C = Kills by friends in this place as a percentage of kills by friends in the entire game.
 D = Other kills in this place as a percentage of other kills in the entire game.
 E = Experience gained in this place as a percentage of experience gained in the entire game.
 F = Experience gained in this place divided by the number of levels of this place that you have seen.
                   A       B       C       D       E      F
               +-------+-------+-------+-------+-------+----------------------
         Total | 100.0 | 100.0 |  -nan | 100.0 | 100.0 | 1654.1
       Dungeon |  79.3 |  79.2 |  -nan | 100.0 |  58.1 | 1249.5
          Lair |  13.3 |  13.3 |  -nan |   0.0 |  39.8 | 8555.0
        Bailey |   7.5 |   7.5 |  -nan |   0.0 |   2.1 | 453.0
               +-------+-------+-------+-------+-------+----------------------
